[gd_scene load_steps=9 format=3 uid="uid://dtxke74vbgo3f"]

[ext_resource type="Script" path="res://scripts/game.cs" id="1_3a1nt"]
[ext_resource type="Texture2D" uid="uid://cgkg5hfwsubsc" path="res://assets/textures/bg.png" id="1_4217p"]
[ext_resource type="PackedScene" uid="uid://jbs3rl00g6wb" path="res://scenes/player.tscn" id="2_1kuc4"]
[ext_resource type="PackedScene" uid="uid://bfiwyk67viayc" path="res://scenes/hud.tscn" id="2_chjoy"]
[ext_resource type="PackedScene" uid="uid://dr4f4pv085uqv" path="res://scenes/enemy_spawner.tscn" id="3_i8nqd"]
[ext_resource type="AudioStream" uid="uid://b44wg66ooicrt" path="res://assets/audio/hit.wav" id="6_mrq1s"]
[ext_resource type="AudioStream" uid="uid://dh4j7yl3178nf" path="res://assets/audio/explode.wav" id="7_ygsay"]

[sub_resource type="RectangleShape2D" id="RectangleShape2D_jytn6"]
size = Vector2(20, 730)

[node name="Game" type="Node2D"]
script = ExtResource("1_3a1nt")

[node name="UI" type="CanvasLayer" parent="."]

[node name="HUD" parent="UI" instance=ExtResource("2_chjoy")]

[node name="Background" type="TextureRect" parent="."]
offset_right = 1281.0
offset_bottom = 720.0
texture = ExtResource("1_4217p")
stretch_mode = 1

[node name="Deathzone" type="Area2D" parent="."]
collision_layer = 8
collision_mask = 2

[node name="CollisionShape2D" type="CollisionShape2D" parent="Deathzone"]
position = Vector2(-72, 360)
shape = SubResource("RectangleShape2D_jytn6")

[node name="Player" parent="." instance=ExtResource("2_1kuc4")]
position = Vector2(73, 360)
up_direction = Vector2(0, 1)

[node name="EnemySpawner" parent="." instance=ExtResource("3_i8nqd")]
position = Vector2(1232, 340)

[node name="EnemyHitSound" type="AudioStreamPlayer" parent="."]
stream = ExtResource("6_mrq1s")

[node name="PlayerDamageSound" type="AudioStreamPlayer" parent="."]
stream = ExtResource("7_ygsay")

[connection signal="area_entered" from="Deathzone" to="." method="_on_deathzone_area_entered"]
[connection signal="took_damage" from="Player" to="." method="_on_player_took_damage"]
[connection signal="enemy_spawned" from="EnemySpawner" to="." method="_on_enemy_spawner_enemy_spawned"]
[connection signal="path_enemy_spawned" from="EnemySpawner" to="." method="_on_enemy_spawner_path_enemy_spawned"]
